MapleLeafs vs Devils

Created - 24 janvier 2019 at 21:20

Goals
1 2 3 T
MapleLeafs 1 1 0 2
Devils 3 2 1 6
Shots
1 2 3 T
MapleLeafs 8 12 14 34
Devils 18 14 9 41

1st period

1. Devils , Bo Horvat 19 (Darren Helm 19, Shayne Gostisbehere 30) at 3:25
2. MapleLeafs , Kyle Okposo 4 (Travis Hamonic 8) at 3:37
3. Devils , Kevin Hayes 19 (Brooks Orpik 4) at 6:45
4. Devils , Dustin Brown 21 (Nicklas Backstrom 27, Shayne Gostisbehere 31) at 14:45

Penalties :
Leo Komarov (TOR) for Hooking (Minor) at 7:54, Adam Henrique (TOR) for Hooking (Minor) at 14:59, Shayne Gostisbehere (NJD) for Slashing (Minor) at 19:38

2nd period

5. Devils , Steven Santini 4 (Antoine Vermette 5, Mike Cammalleri 3) at 4:36
6. MapleLeafs , Patrick Marleau 9 (Adam Henrique 6, Travis Hamonic 9) at 10:05 (PP)
7. Devils , Bo Horvat 20 (Shayne Gostisbehere 32, Anton Stralman 11) at 13:44

Penalties :
Mikhail Sergachev (TOR) for Tripping (Minor) at 2:14, Radko Gudas (TOR) for Interference (Minor) at 4:49, Dustin Brown (NJD) for Holding (Minor) at 8:54, Jamie Oleksiak (TOR) for High sticking (Minor) at 14:17

3rd period

8. Devils , Bo Horvat 21 (Darren Helm 20) at 0:38

Penalties :
Darren Helm (NJD) for Holding Stick (Minor) at 1:09

Goalie Stats

Scott Darling (TOR), 20 saves from 22 shots - (0.909), 35:24 minutes
Antti Niemi (TOR), 15 saves from 19 shots - (0.789), L, 21-16-2, 24:36 minutes
Marc-Andre Fleury (NJD), 32 saves from 34 shots - (0.941), W, 19-20-1, 60:00 minutes

Players Stats for MapleLeafs

Player Name              G  A  P  +/- PIM S  H  SB GA TA FO     MP     PP MP  PK MP  
------------------------------------------------------------------------------------
Adam Henrique            0  1  1  -2  2   2  0  0  0  0  16/31  23:43   2:29   3:30 
Alex DeBrincat           0  0  0  -2  0   5  0  0  0  0  1/2    16:19   0:00   2:00 
Anthony Duclair          0  0  0  -1  0   0  0  0  0  0  0/0     4:10   0:00   0:00 
Beau Bennett             0  0  0  -1  0   1  0  0  0  0  1/1     4:10   0:00   0:00 
Cal Clutterbuck          0  0  0  -2  0   0  5  1  0  0  0/2    16:34   0:00   2:55 
Craig Smith              0  0  0  -1  0   3  2  0  0  0  3/3    18:51   2:29   2:42 
Dmitry Kulikov           0  0  0  -3  0   1  2  3  0  0  0/0    21:24   2:40   4:55 
Jamie Oleksiak           0  0  0  -1  2   0  4  2  0  0  0/0    14:11   0:00   1:23 
Karl Alzner              0  0  0  -1  0   3  3  1  0  0  0/0    25:47   2:29   5:00 
Kyle Okposo              1  0  1   0  0   2  0  0  0  0  0/2     9:41   1:34   2:20 
Leo Komarov              0  0  0  -1  2   2  4  0  0  0  0/1    16:45   2:40   0:00 
Mikhail Sergachev        0  0  0  -1  2   3  0  0  0  0  0/0    12:48   0:00   0:00 
Nolan Patrick            0  0  0  -1  0   0  0  0  0  0  11/26  16:23   2:40   0:00 
Patrick Marleau          1  0  1  -1  0   8  1  0  0  0  1/2    21:22   2:29   5:13 
Peter Holland            0  0  0  -2  0   0  0  0  0  0  5/17   14:10   0:00   1:10 
Radko Gudas              0  0  0  -3  2   1  6  3  0  0  0/0    20:00   2:40   3:32 
Travis Hamonic           0  2  2  -1  0   1  2  1  0  0  0/0    25:47   2:29   5:00 
Zack Kassian             0  0  0  -1  0   2  1  1  0  0  0/1     7:55   1:06   0:00 

Players Stats for Devils

Player Name              G  A  P  +/- PIM S  H  SB GA TA FO     MP     PP MP  PK MP  
------------------------------------------------------------------------------------
Antoine Vermette         0  1  1   1  0   0  0  0  0  0  6/11    6:55   0:00   0:00 
Anton Stralman           0  1  1   3  0   1  1  1  0  0  0/0    22:05   4:56   0:38 
Bo Horvat                3  0  3   3  0   6  0  1  0  0  12/15  21:10   4:17   3:50 
Brooks Orpik             0  1  1   2  0   1  0  1  0  0  0/0    14:00   0:00   0:29 
Darren Helm              0  2  2   3  2   3  1  0  0  0  1/2    17:22   4:17   0:03 
Dustin Brown             1  0  1   1  2   2  3  0  0  0  0/1    21:50   5:38   1:04 
Eric Fehr                0  0  0   0  0   3  0  0  0  0  0/0    10:04   0:00   0:15 
Jordan Staal             0  0  0   0  0   5  2  0  0  0  6/14   10:56   0:00   1:07 
Justin Schultz           0  0  0   0  0   3  0  1  0  0  0/0    22:45   4:56   2:55 
Kevin Hayes              1  0  1   1  0   4  0  0  0  0  1/2    20:47   5:38   0:00 
Mike Cammalleri          0  1  1   1  0   3  0  0  0  0  0/0     6:55   0:00   0:00 
Nicklas Backstrom        0  1  1   1  0   2  0  0  0  0  24/41  24:46   5:38   3:59 
Pavel Zacha              0  0  0   0  0   2  0  0  0  0  0/1     9:49   0:00   0:00 
Ryan Pulock              0  0  0   0  0   2  0  0  0  0  0/0    20:02   4:59   1:34 
Sam Reinhart             0  0  0   3  0   2  0  0  0  0  0/1    17:20   4:17   0:00 
Shayne Gostisbehere      0  3  3   3  2   0  0  1  0  0  0/0    24:27   4:56   1:36 
Steven Santini           1  0  1   2  0   1  3  2  0  0  0/0    16:40   0:03   3:06 
Vinnie Hinostroza        0  0  0   1  0   1  2  0  0  0  0/0     6:55   0:00   0:00 

3 Stars

1 - Bo Horvat (NJD)
2 - Steven Santini (NJD)
3 - Shayne Gostisbehere (NJD)

Power Play

MapleLeafs - 1 on 3 Attempt(s) - 33.33%
Devils - 0 on 5 Attempt(s) - 0.00%

Penalty Kill

MapleLeafs - 5 on 5 Attempt(s) - 100.00% - Score 0 goal in Penalty Kill
Devils - 2 on 3 Attempt(s) - 66.67% - Score 0 goal in Penalty Kill

Team Stat

MapleLeafs - Hits : 30 - Faceoff Wins : 38 - Blocked Shots : 12 - Penalty Minutes : 10
Devils - Hits : 12 - Faceoff Wins : 50 - Blocked Shots : 7 - Penalty Minutes : 6

Official

Referees : Tim Peel and Greg Kimmerly
Linesman : Brian Mach and Scott Cherrey

Game Notes

Scott Darling enters game at 4:36 of 2nd period
Kyle Okposo is injured at 9:53 of 2nd period (Groin)
Bo Horvat has scored a Hat Trick!

Finance

Level 1 -- Attendance: 6000 (100.00%) -- Ticket Income 672 000 $
Level 2 -- Attendance: 4724 (94.48%) -- Ticket Income 382 644 $
Level 3 -- Attendance: 2000 (100.00%) -- Ticket Income 160 000 $
Level 4 -- Attendance: 3241 (89.41%) -- Ticket Income 48 615 $
Luxury Box -- Attendance: 1000 (100.00%) -- Ticket Income 195 000 $
Game was played at the Prudential Center.
Total Attendance: 16965 (96.26%)
Total Ticket Income: 1 458 259 $
Other Income: 714 547 $
Total Income: 2 172 806 $

% Time on Ice - MapleLeafs

Lines # - Real PCT - Wanted PCT - Time Play
Normal Forward
1 - 30% - 38% - 13:40
2 - 31% - 30% - 14:06
3 - 29% - 20% - 13:00
4 - 9% - 12% - 4:10
Normal Defense
1 - 41% - 44% - 18:18
2 - 31% - 30% - 13:49
3 - 29% - 26% - 12:49
4 - 0% - 0% - 0:00
PP Forward
1 - 48% - 60% - 2:29
2 - 52% - 40% - 2:40
PP Defense
1 - 48% - 60% - 2:29
2 - 52% - 40% - 2:40
PK Forward
1 - 61% - 60% - 6:05
2 - 39% - 40% - 3:50
PK Defense
1 - 50% - 60% - 5:00
2 - 50% - 40% - 4:55
PK3 Forward
1 - 0% - 60%
2 - 0% - 40%
PK3 Defense
1 - 0% - 60%
2 - 0% - 40%
44 Forward
1 - 0% - 60%
2 - 0% - 40%
44 Defense
1 - 0% - 60%
2 - 0% - 40%
Last Minute Offensive  - 0:00
Last Minute Defensive  - 0:00
Total
Forward - 60:00
Defense - 60:00

% Time on Ice - Devils

Lines # - Real PCT - Wanted PCT - Time Play
Normal Forward
1 - 34% - 40% - 15:09
2 - 29% - 30% - 13:03
3 - 22% - 20% - 9:49
4 - 15% - 10% - 6:55
Normal Defense
1 - 37% - 40% - 16:31
2 - 30% - 30% - 13:29
3 - 30% - 20% - 13:31
4 - 3% - 10% - 1:25
PP Forward
1 - 57% - 60% - 5:38
2 - 43% - 40% - 4:17
PP Defense
1 - 50% - 60% - 4:56
2 - 50% - 40% - 4:59
PK Forward
1 - 78% - 60% - 4:02
2 - 22% - 40% - 1:07
PK Defense
1 - 70% - 60% - 3:35
2 - 30% - 40% - 1:34
PK3 Forward
1 - 0% - 60%
2 - 0% - 40%
PK3 Defense
1 - 0% - 60%
2 - 0% - 40%
44 Forward
1 - 0% - 60%
2 - 0% - 40%
44 Defense
1 - 0% - 60%
2 - 0% - 40%
Last Minute Offensive  - 0:00
Last Minute Defensive  - 0:00
Total
Forward - 60:00
Defense - 60:00

Play-by-Play

1st period


0:01 of 1st period - Nicklas Backstrom wins face-off versus Adam Henrique in neutral zone.
0:08 of 1st period - Shot by Nicklas Backstrom.
0:08 of 1st period - Shot Misses the Net.
0:26 of 1st period - Shot by Nicklas Backstrom.
0:26 of 1st period - Shot Misses the Net.
1:21 of 1st period - Shot by Justin Schultz.
1:21 of 1st period - Stopped by Antti Niemi without a rebound.
1:22 of 1st period - Nolan Patrick wins face-off versus Jordan Staal in MapleLeafs zone.
1:58 of 1st period - Shot by Kyle Okposo.
1:58 of 1st period - Shot Misses the Net.
2:00 of 1st period - Shot by Leo Komarov.
2:00 of 1st period - Stopped by Marc-Andre Fleury with a rebound.
2:30 of 1st period - Shot by Alex DeBrincat.
2:30 of 1st period - Stopped by Marc-Andre Fleury without a rebound.
2:31 of 1st period - Nicklas Backstrom wins face-off versus Adam Henrique in Devils zone.
2:54 of 1st period - Shot by Nicklas Backstrom.
2:54 of 1st period - Stopped by Antti Niemi with a rebound.
2:56 of 1st period - Shot by Ryan Pulock.
2:56 of 1st period - Stopped by Antti Niemi without a rebound.
2:57 of 1st period - Peter Holland wins face-off versus Bo Horvat in MapleLeafs zone.
3:08 of 1st period - Shot by Sam Reinhart.
3:08 of 1st period - Shot Misses the Net.
3:21 of 1st period - Shot by Darren Helm.
3:21 of 1st period - Shot Misses the Net.
3:23 of 1st period - Shot by Bo Horvat.
3:23 of 1st period - Shot Blocked by Dmitry Kulikov.
3:25 of 1st period - Shot by Bo Horvat.
3:25 of 1st period - Goal by Bo Horvat - MapleLeafs : 0 - Devils : 1.
3:26 of 1st period - Nicklas Backstrom wins face-off versus Nolan Patrick in neutral zone.
3:37 of 1st period - Shot by Kyle Okposo.
3:37 of 1st period - Goal by Kyle Okposo - MapleLeafs : 1 - Devils : 1.
3:38 of 1st period - Antoine Vermette wins face-off versus Kyle Okposo in neutral zone.
3:38 of 1st period - Antoine Vermette is hit by Leo Komarov.
3:53 of 1st period - Shot by Mike Cammalleri.
3:53 of 1st period - Stopped by Antti Niemi without a rebound.
3:54 of 1st period - Patrick Marleau wins face-off versus Kevin Hayes in MapleLeafs zone.
4:07 of 1st period - Shot by Craig Smith.
4:07 of 1st period - Stopped by Marc-Andre Fleury without a rebound.
4:08 of 1st period - Nolan Patrick wins face-off versus Darren Helm in Devils zone.
4:09 of 1st period - Shot by Kyle Okposo.
4:09 of 1st period - Shot Misses the Net.
4:43 of 1st period - Shot by Kyle Okposo.
4:43 of 1st period - Stopped by Marc-Andre Fleury without a rebound.
4:44 of 1st period - Nicklas Backstrom wins face-off versus Adam Henrique in Devils zone.
5:01 of 1st period - Shot by Adam Henrique.
5:01 of 1st period - Shot Blocked by Anton Stralman.
5:03 of 1st period - Shot by Travis Hamonic.
5:03 of 1st period - Shot Misses the Net.
5:05 of 1st period - Shot by Karl Alzner.
5:05 of 1st period - Stopped by Marc-Andre Fleury without a rebound.
5:06 of 1st period - Peter Holland wins face-off versus Jordan Staal in Devils zone.
5:14 of 1st period - Shot by Mikhail Sergachev.
5:14 of 1st period - Stopped by Marc-Andre Fleury without a rebound.
5:15 of 1st period - Antoine Vermette wins face-off versus Adam Henrique in Devils zone.
6:45 of 1st period - Shot by Kevin Hayes.
6:45 of 1st period - Goal by Kevin Hayes - MapleLeafs : 1 - Devils : 2.
6:46 of 1st period - Bo Horvat wins face-off versus Peter Holland in neutral zone.
6:48 of 1st period - Sam Reinhart is hit by Cal Clutterbuck and loses puck.
7:41 of 1st period - Icing by Leo Komarov.
7:42 of 1st period - Nicklas Backstrom wins face-off versus Nolan Patrick in MapleLeafs zone.
7:52 of 1st period - Icing by Kevin Hayes.
7:53 of 1st period - Nicklas Backstrom wins face-off versus Nolan Patrick in Devils zone.
7:53 of 1st period - Nicklas Backstrom is hit by Leo Komarov.
7:54 of 1st period - Minor Penalty to Leo Komarov for Hooking.
7:55 of 1st period - Adam Henrique wins face-off versus Nicklas Backstrom in MapleLeafs zone.
8:22 of 1st period - Shot by Kevin Hayes.
8:22 of 1st period - Shot Misses the Net.
8:26 of 1st period - Shot by Justin Schultz.
8:26 of 1st period - Shot Misses the Net.
8:28 of 1st period - Shot by Dustin Brown.
8:28 of 1st period - Stopped by Antti Niemi with a rebound.
8:30 of 1st period - Shot by Justin Schultz.
8:30 of 1st period - Shot Misses the Net.
8:32 of 1st period - Shot by Nicklas Backstrom.
8:32 of 1st period - Shot Misses the Net.
8:36 of 1st period - Shot by Dustin Brown.
8:36 of 1st period - Shot Misses the Net.
9:30 of 1st period - Icing by Justin Schultz.
9:31 of 1st period - Nicklas Backstrom wins face-off versus Cal Clutterbuck in Devils zone.
9:40 of 1st period - Shot by Kevin Hayes.
9:40 of 1st period - Shot Misses the Net.
9:53 of 1st period - Icing by Kevin Hayes.
9:54 of 1st period - Peter Holland wins face-off versus Pavel Zacha in Devils zone.
10:19 of 1st period - Jamie Oleksiak is hit by Steven Santini and loses puck.
10:39 of 1st period - Icing by Jordan Staal.
10:40 of 1st period - Nolan Patrick wins face-off versus Jordan Staal in Devils zone.
10:47 of 1st period - Shot by Leo Komarov.
10:47 of 1st period - Deflect By Kyle Okposo.
10:47 of 1st period - Shot Misses the Net.
11:08 of 1st period - Off-side.
11:09 of 1st period - Nicklas Backstrom wins face-off versus Adam Henrique in neutral zone.
11:50 of 1st period - Shot by Dustin Brown.
11:50 of 1st period - Deflect By Nicklas Backstrom.
11:50 of 1st period - Shot Misses the Net.
12:11 of 1st period - Icing by Anton Stralman.
12:12 of 1st period - Kevin Hayes wins face-off versus Nolan Patrick in Devils zone.
12:12 of 1st period - Kevin Hayes is hit by Leo Komarov.
12:34 of 1st period - Icing by Radko Gudas.
12:35 of 1st period - Bo Horvat wins face-off versus Nolan Patrick in MapleLeafs zone.
12:42 of 1st period - Shot by Justin Schultz.
12:42 of 1st period - Stopped by Antti Niemi without a rebound.
12:43 of 1st period - Darren Helm wins face-off versus Alex DeBrincat in MapleLeafs zone.
13:23 of 1st period - Icing by Ryan Pulock.
13:24 of 1st period - Craig Smith wins face-off versus Bo Horvat in Devils zone.
13:47 of 1st period - Shot by Eric Fehr.
13:47 of 1st period - Shot Misses the Net.
13:49 of 1st period - Shot by Jordan Staal.
13:49 of 1st period - Stopped by Antti Niemi with a rebound.
13:53 of 1st period - Shot by Jordan Staal.
13:53 of 1st period - Shot Blocked by Travis Hamonic.
13:55 of 1st period - Shot by Brooks Orpik.
13:55 of 1st period - Stopped by Antti Niemi without a rebound.
13:56 of 1st period - Nicklas Backstrom wins face-off versus Leo Komarov in MapleLeafs zone.
14:06 of 1st period - Icing by Anton Stralman.
14:07 of 1st period - Nicklas Backstrom wins face-off versus Peter Holland in Devils zone.
14:07 of 1st period - Nicklas Backstrom is hit by Cal Clutterbuck.
14:29 of 1st period - Shot by Nicklas Backstrom.
14:29 of 1st period - Shot Misses the Net.
14:31 of 1st period - Shot by Kevin Hayes.
14:31 of 1st period - Shot Blocked by Jamie Oleksiak.
14:41 of 1st period - Shot by Nicklas Backstrom.
14:41 of 1st period - Shot Misses the Net.
14:43 of 1st period - Shot by Shayne Gostisbehere.
14:43 of 1st period - Deflect By Nicklas Backstrom.
14:43 of 1st period - Stopped by Antti Niemi with a rebound.
14:45 of 1st period - Shot by Dustin Brown.
14:45 of 1st period - Goal by Dustin Brown - MapleLeafs : 1 - Devils : 3.
14:46 of 1st period - Bo Horvat wins face-off versus Patrick Marleau in neutral zone.
14:59 of 1st period - Minor Penalty to Adam Henrique for Hooking.
15:00 of 1st period - Bo Horvat wins face-off versus Peter Holland in MapleLeafs zone.
15:07 of 1st period - Shot by Darren Helm.
15:07 of 1st period - Shot Blocked by Radko Gudas.
15:34 of 1st period - Shot by Bo Horvat.
15:34 of 1st period - Stopped by Antti Niemi without a rebound.
15:35 of 1st period - Nicklas Backstrom wins face-off versus Cal Clutterbuck in MapleLeafs zone.
15:35 of 1st period - Shayne Gostisbehere is hit by Radko Gudas and loses puck.
16:06 of 1st period - Shot by Shayne Gostisbehere.
16:06 of 1st period - Shot Misses the Net.
16:08 of 1st period - Shot by Anton Stralman.
16:08 of 1st period - Shot Misses the Net.
16:10 of 1st period - Shot by Kevin Hayes.
16:10 of 1st period - Shot Misses the Net.
16:36 of 1st period - Dmitry Kulikov is hit by Darren Helm and loses puck.
16:47 of 1st period - Shot by Sam Reinhart.
16:47 of 1st period - Shot Blocked by Radko Gudas.
16:49 of 1st period - Shot by Ryan Pulock.
16:49 of 1st period - Shot Blocked by Dmitry Kulikov.
17:09 of 1st period - Shot by Pavel Zacha.
17:09 of 1st period - Stopped by Antti Niemi with a rebound.
17:11 of 1st period - Shot by Pavel Zacha.
17:11 of 1st period - Stopped by Antti Niemi without a rebound.
17:12 of 1st period - Antoine Vermette wins face-off versus Nolan Patrick in MapleLeafs zone.
17:15 of 1st period - Shot by Brooks Orpik.
17:15 of 1st period - Shot Blocked by Karl Alzner.
17:44 of 1st period - Shot by Mike Cammalleri.
17:44 of 1st period - Shot Misses the Net.
17:46 of 1st period - Shot by Antoine Vermette.
17:46 of 1st period - Shot Misses the Net.
17:48 of 1st period - Shot by Mike Cammalleri.
17:48 of 1st period - Stopped by Antti Niemi without a rebound.
17:49 of 1st period - Nicklas Backstrom wins face-off versus Adam Henrique in MapleLeafs zone.
18:00 of 1st period - Shot by Dustin Brown.
18:00 of 1st period - Shot Misses the Net.
18:02 of 1st period - Shot by Kevin Hayes.
18:02 of 1st period - Stopped by Antti Niemi with a rebound.
18:04 of 1st period - Shot by Anton Stralman.
18:04 of 1st period - Stopped by Antti Niemi without a rebound.
18:05 of 1st period - Bo Horvat wins face-off versus Peter Holland in MapleLeafs zone.
18:26 of 1st period - Darren Helm is hit by Radko Gudas and loses puck.
19:01 of 1st period - Darren Helm is hit by Craig Smith.
19:11 of 1st period - Shot by Patrick Marleau.
19:11 of 1st period - Shot Misses the Net.
19:13 of 1st period - Shot by Patrick Marleau.
19:13 of 1st period - Stopped by Marc-Andre Fleury with a rebound.
19:15 of 1st period - Shot by Travis Hamonic.
19:15 of 1st period - Shot Misses the Net.
19:27 of 1st period - Shot by Patrick Marleau.
19:27 of 1st period - Shot Blocked by Shayne Gostisbehere.
19:38 of 1st period - Minor Penalty to Shayne Gostisbehere for Slashing.
19:39 of 1st period - Nicklas Backstrom wins face-off versus Nolan Patrick in Devils zone.
Goals for this period are 1 for MapleLeafs vs 3 for Devils.
Shots for this period are 8 for MapleLeafs vs 18 for Devils.

2nd period


0:01 of 2nd period - Adam Henrique wins face-off versus Nicklas Backstrom in neutral zone.
0:20 of 2nd period - Shot by Patrick Marleau.
0:20 of 2nd period - Shot Misses the Net.
0:32 of 2nd period - Shot by Travis Hamonic.
0:32 of 2nd period - Shot Blocked by Steven Santini.
1:14 of 2nd period - Shot by Kyle Okposo.
1:14 of 2nd period - Shot Misses the Net.
1:37 of 2nd period - Icing by Karl Alzner.
1:38 of 2nd period - Antoine Vermette wins face-off versus Peter Holland in MapleLeafs zone.
1:41 of 2nd period - Shot by Mike Cammalleri.
1:41 of 2nd period - Shot Misses the Net.
1:43 of 2nd period - Shot by Anton Stralman.
1:43 of 2nd period - Shot Misses the Net.
1:45 of 2nd period - Shot by Shayne Gostisbehere.
1:45 of 2nd period - Shot Blocked by Jamie Oleksiak.
2:03 of 2nd period - Shot by Vinnie Hinostroza.
2:03 of 2nd period - Shot Misses the Net.
2:14 of 2nd period - Minor Penalty to Mikhail Sergachev for Tripping.
2:15 of 2nd period - Nicklas Backstrom wins face-off versus Adam Henrique in MapleLeafs zone.
3:27 of 2nd period - Shot by Adam Henrique.
3:27 of 2nd period - Stopped by Marc-Andre Fleury without a rebound.
3:28 of 2nd period - Bo Horvat wins face-off versus Adam Henrique in Devils zone.
3:28 of 2nd period - Bo Horvat is hit by Patrick Marleau.
4:20 of 2nd period - Shot by Mikhail Sergachev.
4:20 of 2nd period - Stopped by Marc-Andre Fleury with a rebound.
4:22 of 2nd period - Shot by Peter Holland.
4:22 of 2nd period - Shot Blocked by Brooks Orpik.
4:28 of 2nd period - Shot by Alex DeBrincat.
4:28 of 2nd period - Stopped by Marc-Andre Fleury without a rebound.
4:29 of 2nd period - Antoine Vermette wins face-off versus Nolan Patrick in Devils zone.
4:34 of 2nd period - Shot by Antoine Vermette.
4:34 of 2nd period - Shot Misses the Net.
4:36 of 2nd period - Shot by Steven Santini.
4:36 of 2nd period - Goal by Steven Santini - MapleLeafs : 1 - Devils : 4.
4:36 of 2nd period - Scott Darling enters game.
4:37 of 2nd period - Jordan Staal wins face-off versus Nolan Patrick in neutral zone.
4:45 of 2nd period - Jordan Staal is hit by Dmitry Kulikov and loses puck.
4:49 of 2nd period - Minor Penalty to Radko Gudas for Interference.
4:50 of 2nd period - Nicklas Backstrom wins face-off versus Adam Henrique in MapleLeafs zone.
5:28 of 2nd period - Shot by Anton Stralman.
5:28 of 2nd period - Shot Misses the Net.
6:26 of 2nd period - Shot by Alex DeBrincat.
6:26 of 2nd period - Shot Misses the Net.
6:40 of 2nd period - Shot by Kevin Hayes.
6:40 of 2nd period - Shot Misses the Net.
6:48 of 2nd period - Shot by Dustin Brown.
6:48 of 2nd period - Shot Misses the Net.
6:50 of 2nd period - Shot by Jordan Staal.
6:50 of 2nd period - Shot Misses the Net.
6:52 of 2nd period - Shot by Eric Fehr.
6:52 of 2nd period - Stopped by Scott Darling with a rebound.
6:54 of 2nd period - Shot by Eric Fehr.
6:54 of 2nd period - Stopped by Scott Darling without a rebound.
6:55 of 2nd period - Jordan Staal wins face-off versus Kyle Okposo in MapleLeafs zone.
6:55 of 2nd period - Steven Santini is hit by Travis Hamonic and loses puck.
7:03 of 2nd period - Pavel Zacha is hit by Karl Alzner and loses puck.
7:16 of 2nd period - Eric Fehr is hit by Leo Komarov and loses puck.
7:23 of 2nd period - Icing by Travis Hamonic.
7:24 of 2nd period - Nolan Patrick wins face-off versus Antoine Vermette in MapleLeafs zone.
7:24 of 2nd period - Nolan Patrick is hit by Vinnie Hinostroza.
7:48 of 2nd period - Antoine Vermette is hit by Travis Hamonic and loses puck.
8:01 of 2nd period - Shot by Mike Cammalleri.
8:01 of 2nd period - Stopped by Scott Darling without a rebound.
8:02 of 2nd period - Adam Henrique wins face-off versus Nicklas Backstrom in MapleLeafs zone.
8:15 of 2nd period - Shot by Craig Smith.
8:15 of 2nd period - Shot Misses the Net.
8:17 of 2nd period - Shot by Patrick Marleau.
8:17 of 2nd period - Shot Misses the Net.
8:19 of 2nd period - Shot by Radko Gudas.
8:19 of 2nd period - Stopped by Marc-Andre Fleury without a rebound.
8:20 of 2nd period - Bo Horvat wins face-off versus Peter Holland in Devils zone.
8:49 of 2nd period - Shot by Sam Reinhart.
8:49 of 2nd period - Stopped by Scott Darling without a rebound.
8:50 of 2nd period - Adam Henrique wins face-off versus Nicklas Backstrom in MapleLeafs zone.
8:50 of 2nd period - Adam Henrique is hit by Dustin Brown.
8:53 of 2nd period - Icing by Patrick Marleau.
8:54 of 2nd period - Adam Henrique wins face-off versus Nicklas Backstrom in MapleLeafs zone.
8:54 of 2nd period - Minor Penalty to Dustin Brown for Holding.
8:55 of 2nd period - Adam Henrique wins face-off versus Nicklas Backstrom in Devils zone.
9:16 of 2nd period - Shot by Craig Smith.
9:16 of 2nd period - Shot Blocked by Bo Horvat.
9:18 of 2nd period - Shot by Travis Hamonic.
9:18 of 2nd period - Deflect By Craig Smith.
9:18 of 2nd period - Shot Misses the Net.
9:20 of 2nd period - Shot by Karl Alzner.
9:20 of 2nd period - Stopped by Marc-Andre Fleury with a rebound.
9:22 of 2nd period - Shot by Karl Alzner.
9:22 of 2nd period - Stopped by Marc-Andre Fleury without a rebound.
9:23 of 2nd period - Nolan Patrick wins face-off versus Nicklas Backstrom in Devils zone.
9:39 of 2nd period - Icing by Leo Komarov.
9:40 of 2nd period - Nicklas Backstrom wins face-off versus Nolan Patrick in MapleLeafs zone.
9:46 of 2nd period - Nicklas Backstrom is hit by Radko Gudas and loses puck.
9:52 of 2nd period - Kyle Okposo is hit by Steven Santini and loses puck.
9:53 of 2nd period - Kyle Okposo from MapleLeafs is injured at 9:53 of 2nd period (Groin).
9:54 of 2nd period - Adam Henrique wins face-off versus Nicklas Backstrom in Devils zone.
10:03 of 2nd period - Shot by Adam Henrique.
10:03 of 2nd period - Shot Misses the Net.
10:05 of 2nd period - Shot by Patrick Marleau.
10:05 of 2nd period - Goal by Patrick Marleau - MapleLeafs : 2 - Devils : 4.
10:06 of 2nd period - Peter Holland wins face-off versus Jordan Staal in neutral zone.
10:34 of 2nd period - Shot by Eric Fehr.
10:34 of 2nd period - Stopped by Scott Darling with a rebound.
10:36 of 2nd period - Shot by Anton Stralman.
10:36 of 2nd period - Shot Blocked by Cal Clutterbuck.
11:20 of 2nd period - Shot by Adam Henrique.
11:20 of 2nd period - Shot Misses the Net.
11:51 of 2nd period - Shot by Zack Kassian.
11:51 of 2nd period - Stopped by Marc-Andre Fleury without a rebound.
11:52 of 2nd period - Bo Horvat wins face-off versus Nolan Patrick in Devils zone.
12:04 of 2nd period - Shot by Darren Helm.
12:04 of 2nd period - Stopped by Scott Darling without a rebound.
12:05 of 2nd period - Peter Holland wins face-off versus Antoine Vermette in MapleLeafs zone.
12:05 of 2nd period - Peter Holland is hit by Vinnie Hinostroza.
12:14 of 2nd period - Shot by Cal Clutterbuck.
12:14 of 2nd period - Shot Misses the Net.
12:26 of 2nd period - Shot by Alex DeBrincat.
12:26 of 2nd period - Stopped by Marc-Andre Fleury with a rebound.
12:28 of 2nd period - Shot by Alex DeBrincat.
12:28 of 2nd period - Stopped by Marc-Andre Fleury without a rebound.
12:29 of 2nd period - Craig Smith wins face-off versus Nicklas Backstrom in Devils zone.
12:46 of 2nd period - Shot by Kevin Hayes.
12:46 of 2nd period - Stopped by Scott Darling with a rebound.
12:52 of 2nd period - Shot by Dustin Brown.
12:52 of 2nd period - Shot Misses the Net.
13:44 of 2nd period - Shot by Bo Horvat.
13:44 of 2nd period - Goal by Bo Horvat - MapleLeafs : 2 - Devils : 5.
13:45 of 2nd period - Nolan Patrick wins face-off versus Jordan Staal in neutral zone.
14:05 of 2nd period - Off-side.
14:06 of 2nd period - Antoine Vermette wins face-off versus Peter Holland in neutral zone.
14:06 of 2nd period - Antoine Vermette is hit by Cal Clutterbuck.
14:09 of 2nd period - Shayne Gostisbehere is hit by Cal Clutterbuck and loses puck.
14:17 of 2nd period - Minor Penalty to Jamie Oleksiak for High sticking.
14:18 of 2nd period - Nicklas Backstrom wins face-off versus Adam Henrique in MapleLeafs zone.
15:53 of 2nd period - Cal Clutterbuck is hit by Dustin Brown and loses puck.
16:50 of 2nd period - Shot by Jordan Staal.
16:50 of 2nd period - Stopped by Scott Darling with a rebound.
16:52 of 2nd period - Shot by Jordan Staal.
16:52 of 2nd period - Stopped by Scott Darling without a rebound.
16:53 of 2nd period - Beau Bennett wins face-off versus Antoine Vermette in MapleLeafs zone.
17:02 of 2nd period - Shot by Beau Bennett.
17:02 of 2nd period - Stopped by Marc-Andre Fleury without a rebound.
17:03 of 2nd period - Bo Horvat wins face-off versus Adam Henrique in Devils zone.
17:08 of 2nd period - Shot by Bo Horvat.
17:08 of 2nd period - Stopped by Scott Darling with a rebound.
17:16 of 2nd period - Shot by Sam Reinhart.
17:16 of 2nd period - Deflect By Bo Horvat.
17:16 of 2nd period - Shot Misses the Net.
17:18 of 2nd period - Shot by Bo Horvat.
17:18 of 2nd period - Shot Misses the Net.
17:20 of 2nd period - Shot by Darren Helm.
17:20 of 2nd period - Shot Misses the Net.
17:34 of 2nd period - Shot by Sam Reinhart.
17:34 of 2nd period - Shot Misses the Net.
17:36 of 2nd period - Shot by Sam Reinhart.
17:36 of 2nd period - Shot Blocked by Radko Gudas.
17:39 of 2nd period - Darren Helm is hit by Radko Gudas and loses puck.
17:59 of 2nd period - Nicklas Backstrom is hit by Jamie Oleksiak.
18:06 of 2nd period - Icing by Nolan Patrick.
18:07 of 2nd period - Nolan Patrick wins face-off versus Jordan Staal in MapleLeafs zone.
18:07 of 2nd period - Nolan Patrick is hit by Jordan Staal.
18:12 of 2nd period - Leo Komarov is hit by Jordan Staal and loses puck.
18:23 of 2nd period - Shot by Leo Komarov.
18:23 of 2nd period - Shot Blocked by Steven Santini.
18:25 of 2nd period - Shot by Zack Kassian.
18:25 of 2nd period - Stopped by Marc-Andre Fleury without a rebound.
18:26 of 2nd period - Nicklas Backstrom wins face-off versus Peter Holland in Devils zone.
18:30 of 2nd period - Off-side.
18:31 of 2nd period - Nicklas Backstrom wins face-off versus Peter Holland in neutral zone.
19:46 of 2nd period - Ryan Pulock is hit by Radko Gudas and loses puck.
19:49 of 2nd period - Shot by Bo Horvat.
19:49 of 2nd period - Shot Misses the Net.
19:51 of 2nd period - Shot by Darren Helm.
19:51 of 2nd period - Shot Blocked by Dmitry Kulikov.
19:53 of 2nd period - Shot by Darren Helm.
19:53 of 2nd period - Stopped by Scott Darling with a rebound.
19:55 of 2nd period - Shot by Darren Helm.
19:55 of 2nd period - Shot Misses the Net.
19:57 of 2nd period - Shot by Justin Schultz.
19:57 of 2nd period - Shot Misses the Net.
19:59 of 2nd period - Shot by Justin Schultz.
19:59 of 2nd period - Stopped by Scott Darling without a rebound.
Goals for this period are 1 for MapleLeafs vs 2 for Devils.
Shots for this period are 12 for MapleLeafs vs 14 for Devils.

3rd period


0:01 of 3rd period - Adam Henrique wins face-off versus Nicklas Backstrom in neutral zone.
0:05 of 3rd period - Icing by Shayne Gostisbehere.
0:06 of 3rd period - Nicklas Backstrom wins face-off versus Adam Henrique in Devils zone.
0:22 of 3rd period - Shot by Craig Smith.
0:22 of 3rd period - Stopped by Marc-Andre Fleury without a rebound.
0:23 of 3rd period - Bo Horvat wins face-off versus Zack Kassian in Devils zone.
0:38 of 3rd period - Shot by Bo Horvat.
0:38 of 3rd period - Goal by Bo Horvat - MapleLeafs : 2 - Devils : 6.
0:39 of 3rd period - Adam Henrique wins face-off versus Nicklas Backstrom in neutral zone.
0:50 of 3rd period - Kevin Hayes is hit by Craig Smith and loses puck.
0:57 of 3rd period - Shot by Patrick Marleau.
0:57 of 3rd period - Stopped by Marc-Andre Fleury without a rebound.
0:58 of 3rd period - Bo Horvat wins face-off versus Nolan Patrick in Devils zone.
0:58 of 3rd period - Bo Horvat is hit by Zack Kassian.
1:09 of 3rd period - Minor Penalty to Darren Helm for Holding Stick.
1:10 of 3rd period - Craig Smith wins face-off versus Nicklas Backstrom in Devils zone.
1:31 of 3rd period - Shot by Craig Smith.
1:31 of 3rd period - Shot Misses the Net.
1:37 of 3rd period - Shot by Travis Hamonic.
1:37 of 3rd period - Shot Misses the Net.
1:39 of 3rd period - Shot by Travis Hamonic.
1:39 of 3rd period - Stopped by Marc-Andre Fleury without a rebound.
1:40 of 3rd period - Nolan Patrick wins face-off versus Nicklas Backstrom in Devils zone.
1:41 of 3rd period - Shot by Dmitry Kulikov.
1:41 of 3rd period - Shot Misses the Net.
1:43 of 3rd period - Shot by Leo Komarov.
1:43 of 3rd period - Stopped by Marc-Andre Fleury without a rebound.
1:44 of 3rd period - Nicklas Backstrom wins face-off versus Nolan Patrick in Devils zone.
2:03 of 3rd period - Shot by Dmitry Kulikov.
2:03 of 3rd period - Stopped by Marc-Andre Fleury without a rebound.
2:04 of 3rd period - Adam Henrique wins face-off versus Nicklas Backstrom in Devils zone.
2:18 of 3rd period - Shot by Ryan Pulock.
2:18 of 3rd period - Stopped by Scott Darling without a rebound.
2:19 of 3rd period - Jordan Staal wins face-off versus Nolan Patrick in MapleLeafs zone.
2:24 of 3rd period - Shot by Jordan Staal.
2:24 of 3rd period - Deflect By Dustin Brown.
2:24 of 3rd period - Shot Misses the Net.
3:32 of 3rd period - Shot by Mike Cammalleri.
3:32 of 3rd period - Shot Misses the Net.
3:57 of 3rd period - Shot by Patrick Marleau.
3:57 of 3rd period - Stopped by Marc-Andre Fleury with a rebound.
4:01 of 3rd period - Shot by Patrick Marleau.
4:01 of 3rd period - Deflect By Adam Henrique.
4:01 of 3rd period - Stopped by Marc-Andre Fleury without a rebound.
4:02 of 3rd period - Adam Henrique wins face-off versus Dustin Brown in Devils zone.
4:24 of 3rd period - Icing by Justin Schultz.
4:25 of 3rd period - Nolan Patrick wins face-off versus Nicklas Backstrom in Devils zone.
5:16 of 3rd period - Darren Helm is hit by Radko Gudas and loses puck.
5:35 of 3rd period - Shot by Steven Santini.
5:35 of 3rd period - Shot Misses the Net.
6:22 of 3rd period - Shot by Patrick Marleau.
6:22 of 3rd period - Stopped by Marc-Andre Fleury without a rebound.
6:23 of 3rd period - Nicklas Backstrom wins face-off versus Peter Holland in Devils zone.
6:37 of 3rd period - Kevin Hayes is hit by Jamie Oleksiak and loses puck.
6:48 of 3rd period - Shot by Alex DeBrincat.
6:48 of 3rd period - Stopped by Marc-Andre Fleury without a rebound.
6:49 of 3rd period - Adam Henrique wins face-off versus Sam Reinhart in Devils zone.
6:49 of 3rd period - Adam Henrique is hit by Steven Santini.
6:51 of 3rd period - Shot by Craig Smith.
6:51 of 3rd period - Stopped by Marc-Andre Fleury with a rebound.
7:55 of 3rd period - Icing by Peter Holland.
7:56 of 3rd period - Jordan Staal wins face-off versus Peter Holland in MapleLeafs zone.
8:26 of 3rd period - Anton Stralman is hit by Cal Clutterbuck and loses puck.
8:48 of 3rd period - Nicklas Backstrom is hit by Jamie Oleksiak and loses puck.
8:53 of 3rd period - Shot by Dustin Brown.
8:53 of 3rd period - Shot Misses the Net.
9:02 of 3rd period - Kevin Hayes is hit by Jamie Oleksiak and loses puck.
9:17 of 3rd period - Shot by Nicklas Backstrom.
9:17 of 3rd period - Shot Misses the Net.
10:52 of 3rd period - Shot by Vinnie Hinostroza.
10:52 of 3rd period - Stopped by Scott Darling without a rebound.
10:53 of 3rd period - Jordan Staal wins face-off versus Adam Henrique in MapleLeafs zone.
11:02 of 3rd period - Shot by Eric Fehr.
11:02 of 3rd period - Shot Misses the Net.
11:10 of 3rd period - Shot by Jordan Staal.
11:10 of 3rd period - Stopped by Scott Darling with a rebound.
11:49 of 3rd period - Icing by Travis Hamonic.
11:50 of 3rd period - Nicklas Backstrom wins face-off versus Adam Henrique in MapleLeafs zone.
11:53 of 3rd period - Shot by Kevin Hayes.
11:53 of 3rd period - Stopped by Scott Darling without a rebound.
11:54 of 3rd period - Nolan Patrick wins face-off versus Nicklas Backstrom in MapleLeafs zone.
12:54 of 3rd period - Shot by Bo Horvat.
12:54 of 3rd period - Stopped by Scott Darling with a rebound.
13:06 of 3rd period - Shot by Bo Horvat.
13:06 of 3rd period - Deflect By Sam Reinhart.
13:06 of 3rd period - Stopped by Scott Darling without a rebound.
13:07 of 3rd period - Adam Henrique wins face-off versus Antoine Vermette in MapleLeafs zone.
13:34 of 3rd period - Shot by Patrick Marleau.
13:34 of 3rd period - Stopped by Marc-Andre Fleury without a rebound.
13:35 of 3rd period - Adam Henrique wins face-off versus Bo Horvat in Devils zone.
14:36 of 3rd period - Shot by Nicklas Backstrom.
14:36 of 3rd period - Shot Misses the Net.
15:35 of 3rd period - Off-side.
15:36 of 3rd period - Alex DeBrincat wins face-off versus Antoine Vermette in neutral zone.
16:04 of 3rd period - Mike Cammalleri is hit by Karl Alzner and loses puck.
16:39 of 3rd period - Shot by Sam Reinhart.
16:39 of 3rd period - Shot Misses the Net.
16:48 of 3rd period - Shot by Patrick Marleau.
16:48 of 3rd period - Stopped by Marc-Andre Fleury without a rebound.
16:49 of 3rd period - Nolan Patrick wins face-off versus Jordan Staal in Devils zone.
16:49 of 3rd period - Cal Clutterbuck is hit by Anton Stralman and loses puck.
17:30 of 3rd period - Icing by Shayne Gostisbehere.
17:31 of 3rd period - Adam Henrique wins face-off versus Jordan Staal in Devils zone.
17:32 of 3rd period - Shot by Mikhail Sergachev.
17:32 of 3rd period - Stopped by Marc-Andre Fleury without a rebound.
17:33 of 3rd period - Nicklas Backstrom wins face-off versus Adam Henrique in Devils zone.
17:35 of 3rd period - Icing by Dustin Brown.
17:36 of 3rd period - Adam Henrique wins face-off versus Nicklas Backstrom in Devils zone.
17:41 of 3rd period - Shot by Patrick Marleau.
17:41 of 3rd period - Stopped by Marc-Andre Fleury with a rebound.
17:55 of 3rd period - Shot by Craig Smith.
17:55 of 3rd period - Shot Blocked by Justin Schultz.
18:05 of 3rd period - Travis Hamonic is hit by Dustin Brown and loses puck.
18:49 of 3rd period - Shayne Gostisbehere is hit by Dmitry Kulikov and loses puck.
18:52 of 3rd period - Shot by Darren Helm.
18:52 of 3rd period - Stopped by Scott Darling without a rebound.
18:53 of 3rd period - Jordan Staal wins face-off versus Nolan Patrick in MapleLeafs zone.
18:56 of 3rd period - Shot by Pavel Zacha.
18:56 of 3rd period - Shot Misses the Net.
18:58 of 3rd period - Shot by Steven Santini.
18:58 of 3rd period - Shot Blocked by Zack Kassian.
19:02 of 3rd period - Shot by Pavel Zacha.
19:02 of 3rd period - Shot Misses the Net.
19:20 of 3rd period - Shot by Jordan Staal.
19:20 of 3rd period - Stopped by Scott Darling without a rebound.
19:21 of 3rd period - Bo Horvat wins face-off versus Peter Holland in MapleLeafs zone.
19:21 of 3rd period - Sam Reinhart is hit by Karl Alzner and loses puck.
Goals for this period are 0 for MapleLeafs vs 1 for Devils.
Shots for this period are 14 for MapleLeafs vs 9 for Devils.